[Event "ICC tourney 2532 (25 5)"]
[Site "Internet Chess Club"]
[Date "2021.04.25"]
[Round "8"]
[White "NICHOLAS, NASH:K12-14890410"]
[Black "EMARA, ZIYAD:K12-16012428"]
[Result "0-1"]
[ICCResult "White checkmated"]
[WhiteElo "1426"]
[BlackElo "764"]
[Opening "Queen's gambit accepted"]
[ECO "D20"]
[NIC "QG.03"]
[Time "17:00:50"]
[PlyCount "82"]
[TimeControl "1500+5"]

1. d4 d5 2. c4 dxc4 3. e3 e6 4. Bxc4 Nc6 5. Nc3 Nf6 6. Nf3 Bb4 7. O-O Bd7
8. a3 Bd6 9. e4 e5 10. d5 Ne7 11. Bg5 h6 12. Bh4 Ng6 13. Bg3 Qe7 14. Nd2
Bc5 15. Kh1 h5 16. f4 h4 17. Bf2 Nxf4 18. Bxc5 Qxc5 19. Be2 h3 20. g3 N4h5
21. Bxh5 Nxh5 22. Qf3 Nf6 23. Rac1 Qb6 24. Nc4 Qd4 25. Ne3 c6 26. b4 O-O-O
27. Rfd1 Qb6 28. Na4 Qa6 29. dxc6 Bxc6 30. Nc5 Qxa3 31. b5 Rxd1+ 32. Qxd1
Qxe3 33. bxc6 bxc6 34. Rc2 Rd8 35. Qf1 Qa3 36. Qxh3+ Nd7 37. Nxd7 Rxd7 38.
Rxc6+ Kd8 39. Qh8+ Ke7 40. Qxg7 Qf3+ 41. Kg1 Rd1# { White checkmated } 0-1

[Event "ICC tourney 2532 (25 5)"]
[Site "Internet Chess Club"]
[Date "2021.04.25"]
[Round "8"]
[White "JIN NELSON, MICHAEL:K12-16300942"]
[Black "SHINDER, MICHAEL:K12-16269718"]
[Result "1-0"]
[ICCResult "Black resigns"]
[WhiteElo "1388"]
[BlackElo "1571"]
[Opening "Two knights defense"]
[ECO "C55"]
[NIC "KP.02"]
[Time "17:01:37"]
[PlyCount "95"]
[TimeControl "1500+5"]

1. e4 e5 2. Nf3 Nc6 3. d4 exd4 4. Bc4 Nf6 5. O-O Be7 6. Bg5 O-O 7. Nxd4
Nxe4 8. Bxe7 Qxe7 9. Re1 Qc5 10. Nxc6 Nxf2 11. Ne7+ Kh8 12. Qe2 Ng4+ 13.
Kh1 Nf2+ 14. Kg1 Ng4+ 15. Kh1 Qh5 16. h3 d5 17. Nxc8 Qh4 18. Nd2 Nf6 19.
Bd3 Raxc8 20. Nf3 Qh6 21. Qe3 Qh5 22. Qg5 Qxg5 23. Nxg5 h6 24. Nf3 Nh5 25.
Kh2 Rfe8 26. Rxe8+ Rxe8 27. Re1 Rc8 28. Re5 Nf4 29. g3 f6 30. Re7 Nxd3 31.
cxd3 b6 32. Nh4 Kg8 33. Nf5 Kf8 34. Re3 g6 35. Nxh6 f5 36. g4 Kg7 37. g5
Kf8 38. Kg3 c5 39. Re5 d4 40. Re6 c4 41. dxc4 Rd8 42. Re1 f4+ 43. Kxf4 Rc8
44. b3 b5 45. cxb5 Rd8 46. Ng4 Kf7 47. Ne5+ Ke6 48. Nc6+ { Black resigns }
1-0

[Event "ICC tourney 2532 (25 5)"]
[Site "Internet Chess Club"]
[Date "2021.04.25"]
[Round "8"]
[White "MUTHUKUMAR, AADITH:K12-15488268"]
[Black "ZHOU, LEONARDO:K12-30049875"]
[Result "1-0"]
[ICCResult "Black resigns"]
[WhiteElo "1529"]
[BlackElo "847"]
[Opening "French: Tarrasch, open variation"]
[ECO "C07"]
[NIC "FR.18"]
[Time "17:00:58"]
[PlyCount "49"]
[TimeControl "1500+5"]

1. e4 e6 2. d4 d5 3. Nd2 c5 4. Bb5+ Nc6 5. dxc5 Bxc5 6. Nb3 Bb6 7. exd5
exd5 8. Ne2 Ne7 9. O-O O-O 10. Ned4 a6 11. Ba4 Bc7 12. Nxc6 bxc6 13. Be3
Qd6 14. f4 Nf5 15. Bc5 Qd8 16. Bxc6 Rb8 17. Bxf8 Ne3 18. Qd4 Qxf8 19. Qxe3
Bb6 20. Nd4 Bf5 21. c3 Qd6 22. Kh1 Bxd4 23. cxd4 Qxc6 24. Qe5 Be4 25. Qxb8+
{ Black resigns } 1-0

[Event "ICC tourney 2532 (25 5)"]
[Site "Internet Chess Club"]
[Date "2021.04.25"]
[Round "8"]
[White "TAHMASSEBI, BIJAN:K12-14989940"]
[Black "JONES, JAVADE:K12-16985577"]
[Result "1-0"]
[ICCResult "Black resigns"]
[WhiteElo "2174"]
[BlackElo "432"]
[Opening "Robatsch (modern) defense"]
[ECO "B06"]
[NIC "KF.06"]
[Time "17:00:54"]
[PlyCount "67"]
[TimeControl "1500+5"]

1. e4 g6 2. f4 Bg7 3. Nf3 e6 4. d4 Ne7 5. Bd3 O-O 6. O-O d6 7. Qe1 Nd7 8.
c3 c5 9. Kh1 cxd4 10. cxd4 Nb6 11. Be3 f5 12. exf5 Nxf5 13. Nc3 Nxe3 14.
Qxe3 Qf6 15. g3 Bd7 16. Rad1 Bc6 17. Be4 Rae8 18. Ng5 Nc4 19. Qe2 Nb6 20.
Kg1 e5 21. Bxc6 bxc6 22. Nce4 Qd8 23. dxe5 d5 24. Nc5 h6 25. Nge6 Qe7 26.
Qc2 Nc4 27. Qf2 Rf7 28. Nxg7 Kxg7 29. Qd4 Kg8 30. b3 Nb6 31. Rc1 Rc8 32. a4
Nd7 33. e6 Qxe6 34. Nxe6 { Black resigns } 1-0

[Event "ICC tourney 2532 (25 5)"]
[Site "Internet Chess Club"]
[Date "2021.04.25"]
[Round "8"]
[White "JAIN, PRISHA:K12-15089392"]
[Black "HUA, CHARLES:K12-14763433"]
[Result "0-1"]
[ICCResult "White checkmated"]
[WhiteElo "1520"]
[BlackElo "2108"]
[Opening "Sicilian: Kan, 5.Nc3"]
[ECO "B43"]
[NIC "SI.41"]
[Time "17:01:38"]
[PlyCount "68"]
[TimeControl "1500+5"]

1. e4 c5 2. Nf3 e6 3. d4 cxd4 4. Nxd4 a6 5. Nc3 Qc7 6. Nf3 d6 7. Bd3 Nd7 8.
O-O Ngf6 9. Bf4 b5 10. a3 Bb7 11. Re1 Be7 12. e5 dxe5 13. Nxe5 Nxe5 14.
Bxe5 Qc6 15. Ne4 Rd8 16. Nxf6+ gxf6 17. Be4 Qxe4 18. Qxd8+ Bxd8 19. Rxe4
Bxe4 20. Bg3 Bb6 21. Bh4 Ke7 22. c3 Rg8 23. Bg3 h5 24. Rd1 e5 25. Re1 Bb7
26. h4 Rxg3 27. Kf1 Rxg2 28. Re2 Rh2 29. f3 Rh1+ 30. Kg2 Rg1+ 31. Kh2 Bxf3
32. Rd2 Rg4 33. Rd3 Bg1+ 34. Kh3 Bg2# { White checkmated } 0-1

[Event "ICC tourney 2532 (25 5)"]
[Site "Internet Chess Club"]
[Date "2021.04.25"]
[Round "8"]
[White "VILLASENOR, ERIK:K12-14984325"]
[Black "MUKHERJEE, ADITYA:K12-15344130"]
[Result "0-1"]
[ICCResult "White checkmated"]
[WhiteElo "851"]
[BlackElo "1434"]
[Opening "Queen's pawn game"]
[ECO "D00"]
[NIC "QP.08"]
[Time "17:00:53"]
[PlyCount "58"]
[TimeControl "1500+5"]

1. d4 d5 2. e3 Nf6 3. Nc3 e6 4. Nf3 Be7 5. a3 c5 6. Bb5+ Bd7 7. Bxd7+ Nbxd7
8. Ne5 Nxe5 9. dxe5 Nd7 10. Qh5 Qc7 11. f4 d4 12. Ne4 O-O 13. O-O b5 14.
Bd2 Rfd8 15. Ng5 Bxg5 16. Qxg5 f6 17. exf6 Nxf6 18. a4 Ne4 19. Qg4 Nxd2 20.
Rfe1 Qf7 21. Rad1 dxe3 22. Rxe3 bxa4 23. Rxe6 Nf3+ 24. Kf2 Rxd1 25. Kxf3
Rf1+ 26. Ke2 Rxf4 27. Qh3 Rf2+ 28. Ke3 Qf4+ 29. Kd3 Qd4# { White checkmated
} 0-1

[Event "ICC tourney 2532 (25 5)"]
[Site "Internet Chess Club"]
[Date "2021.04.25"]
[Round "8"]
[White "M LANCMAN, KALEB:K12-15146036"]
[Black "MARCELIA, DAVID:K12-17209595"]
[Result "1-0"]
[ICCResult "Black checkmated"]
[WhiteElo "1839"]
[BlackElo "1374"]
[Opening "Dutch"]
[ECO "A80"]
[NIC "HD.12"]
[Time "17:01:59"]
[PlyCount "75"]
[TimeControl "1500+5"]

1. d4 f5 2. Bf4 Nf6 3. e3 g6 4. h4 Bg7 5. h5 Nxh5 6. Rxh5 gxh5 7. Qxh5+ Kf8
8. Qxf5+ Kg8 9. Nf3 d6 10. Bc4+ e6 11. Bxe6+ Bxe6 12. Qxe6+ Kf8 13. Ng5 Qe7
14. Qc8+ Qe8 15. Ne6+ Kf7 16. Qxe8+ Rxe8 17. Nxc7 Bxd4 18. c3 Bf6 19. Nxa8
Na6 20. Bxd6 Rxa8 21. Na3 Rd8 22. Rd1 Ke6 23. Bg3 Rc8 24. Nb5 Nc5 25. Ke2
a6 26. Nc7+ Kf7 27. Nd5 Bg7 28. Nb6 Re8 29. f3 Re6 30. Rd6 Re8 31. Rd5 Na4
32. Nxa4 b5 33. Nc5 Bh6 34. Ne4 Kg7 35. Rd7+ Kf8 36. Bd6+ Kg8 37. Nf6+ Kh8
38. Rxh7# { Black checkmated } 1-0

[Event "ICC tourney 2532 (25 5)"]
[Site "Internet Chess Club"]
[Date "2021.04.25"]
[Round "8"]
[White "A SMITH, AMARI:K12-16859442"]
[Black "MCCANN, ANDREW:K12-15045914"]
[Result "0-1"]
[ICCResult "White checkmated"]
[WhiteElo "862"]
[BlackElo "392"]
[Opening "Four knights game"]
[ECO "C47"]
[NIC "VG.04"]
[Time "17:01:22"]
[PlyCount "58"]
[TimeControl "1500+5"]

1. e4 e5 2. Nc3 Nf6 3. Nf3 Nc6 4. d3 Bc5 5. h3 O-O 6. Be2 d5 7. Bg5 d4 8.
Nd5 h6 9. Nxf6+ gxf6 10. Bxh6 Re8 11. Bd2 f5 12. exf5 Bxf5 13. O-O Kf8 14.
c3 f6 15. Nh4 Be6 16. Bh5 Bf7 17. Bh6+ Ke7 18. Nf5+ Ke6 19. Ng7+ Ke7 20.
Nxe8 Qxe8 21. Bxf7 Qxf7 22. cxd4 Bxd4 23. Rb1 Rh8 24. Qd2 Qg6 25. Be3 Rxh3
26. g3 Qh5 27. Bxd4 Qf3 28. Bc5+ Kd7 29. Qe3 Qh1# { White checkmated } 0-1

[Event "ICC tourney 2532 (25 5)"]
[Site "Internet Chess Club"]
[Date "2021.04.25"]
[Round "8"]
[White "THOMAS JOHNSON, MATTHEW:K12-16703970"]
[Black "JOSHI, RAJAS:K12-16991627"]
[Result "1/2-1/2"]
[ICCResult "Game drawn because neither player has mating material"]
[WhiteElo "1429"]
[BlackElo "749"]
[Opening "Queen's pawn game"]
[ECO "A61"]
[NIC "QP.07"]
[Time "17:00:50"]
[PlyCount "117"]
[TimeControl "1500+5"]

1. d4 Nf6 2. c4 e6 3. Nc3 c5 4. d5 exd5 5. cxd5 g6 6. Nf3 Bg7 7. Bg5 O-O 8.
e4 d6 9. h4 Qb6 10. Rb1 Re8 11. Bxf6 Bxf6 12. Qc2 Bg4 13. Ng5 h6 14. Nf3
Qd8 15. Be2 Bxf3 16. Bxf3 Bxh4 17. g3 Bg5 18. Bg2 h5 19. f4 Bf6 20. e5 dxe5
21. f5 e4 22. fxg6 Bxc3+ 23. bxc3 fxg6 24. O-O Qxd5 25. Rbd1 Qe6 26. Rfe1
Qc8 27. Bxe4 Nc6 28. Bxg6 Rxe1+ 29. Rxe1 Qg4 30. Kg2 h4 31. Re3 h3+ 32. Kh2
Rf8 33. Be4 Qg5 34. Rf3 Rxf3 35. Bxf3 Qf6 36. Bd5+ Kf8 37. Kxh3 Qh6+ 38.
Kg2 Ke7 39. Qe4+ Kd7 40. Bxc6+ Qxc6 41. Kf3 Qf6+ 42. Kg4 Qg7+ 43. Kf5 Qf7+
44. Kg4 Kd6 45. Qf4+ Qxf4+ 46. gxf4 b5 47. Kf5 c4 48. Ke4 Ke6 49. Kd4 Kf5
50. Kc5 a6 51. a4 bxa4 52. Kxc4 a5 53. Kd3 Kxf4 54. c4 Ke5 55. Kc3 Ke4 56.
Kb2 Kd4 57. Ka3 Kxc4 58. Kxa4 Kc5 59. Kxa5 { Game drawn because neither
player has mating material } 1/2-1/2

[Event "ICC tourney 2532 (25 5)"]
[Site "Internet Chess Club"]
[Date "2021.04.25"]
[Round "8"]
[White "PALLIYATH, YUVRAJ:K12-17213791"]
[Black "E KENNEDY, BENJAMIN:K12-14963224"]
[Result "0-1"]
[ICCResult "White checkmated"]
[WhiteElo "473"]
[BlackElo "1368"]
[Opening "Sicilian defense"]
[ECO "B20"]
[NIC "SI.48"]
[Time "17:01:00"]
[PlyCount "90"]
[TimeControl "1500+5"]

1. e4 c5 2. a3 d6 3. b4 cxb4 4. axb4 Nc6 5. Nf3 Nxb4 6. c3 Nc6 7. d4 g6 8.
Na3 Bg7 9. Nb5 Qb6 10. Bc4 Nf6 11. O-O O-O 12. Be3 Qd8 13. d5 Ne5 14. Nxe5
dxe5 15. Bd3 a6 16. c4 Bd7 17. Nc3 Nh5 18. Qd2 Nf4 19. Bxf4 exf4 20. f3
Qb6+ 21. Kh1 Qb4 22. Rfc1 Bd4 23. Rab1 Qd6 24. Ne2 Be3 25. Qb4 Qxb4 26.
Rxb4 Bxc1 27. Nxc1 Rab8 28. Nb3 b6 29. g3 fxg3 30. hxg3 a5 31. Rb5 Bxb5 32.
cxb5 Rfc8 33. Nd4 Rc1+ 34. Kg2 Rd1 35. Nc6 Re8 36. Be2 Rd2 37. Kf1 Rb2 38.
g4 a4 39. e5 a3 40. d6 exd6 41. exd6 Rexe2 42. d7 Red2 43. d8=Q+ Rxd8 44.
Nxd8 a2 45. f4 a1=Q# { White checkmated } 0-1

[Event "ICC tourney 2532 (25 5)"]
[Site "Internet Chess Club"]
[Date "2021.04.25"]
[Round "8"]
[White "RAFAEL SANTOS, ENERIO:K12-16804573"]
[Black "R PANUELOS, MIKE:K12-15240866"]
[Result "0-1"]
[ICCResult "White checkmated"]
[WhiteElo "443"]
[BlackElo "1137"]
[Opening "Two knights defense"]
[ECO "C55"]
[NIC "IG.01"]
[Time "17:00:39"]
[PlyCount "84"]
[TimeControl "1500+5"]

1. e4 e5 2. Nf3 Nc6 3. Bc4 Nf6 4. O-O Bc5 5. Ng5 O-O 6. Bxf7+ Rxf7 7. Nxf7
Kxf7 8. d3 d5 9. Nc3 d4 10. Nd5 Nxd5 11. exd5 Qxd5 12. Qh5+ Kg8 13. Re1 Bd7
14. f3 Rf8 15. Rf1 Nb4 16. a3 Nxc2 17. Rb1 Ne3 18. Rf2 Qa2 19. Bxe3 Qxb1+
20. Rf1 Qxf1+ 21. Kxf1 dxe3 22. Ke2 Rf5 23. Qxf5 Bxf5 24. g4 Be6 25. h4 g6
26. b4 Bb6 27. h5 gxh5 28. gxh5 Kg7 29. a4 Bd4 30. b5 Kh6 31. a5 a6 32. b6
cxb6 33. axb6 a5 34. Ke1 a4 35. Ke2 a3 36. Ke1 a2 37. Ke2 Bb2 38. f4 Bg4+
39. Kf1 a1=Q+ 40. Kg2 e2 41. fxe5 Qf1+ 42. Kh2 Bxe5# { White checkmated }
0-1

[Event "ICC tourney 2532 (25 5)"]
[Site "Internet Chess Club"]
[Date "2021.04.25"]
[Round "8"]
[White "BALAJI, SOORYA:K12-16773233"]
[Black "BENNETT, MOSES:K12-15673611"]
[Result "0-1"]
[ICCResult "White checkmated"]
[WhiteElo "463"]
[BlackElo "910"]
[Opening "Réti opening"]
[ECO "A30"]
[NIC "QP.10"]
[Time "17:01:00"]
[PlyCount "82"]
[TimeControl "1500+5"]

1. Nf3 c5 2. c4 Nc6 3. e4 d6 4. g3 g6 5. Bg2 Bg7 6. O-O Bg4 7. Nc3 e6 8. b3
Nge7 9. Bb2 a6 10. a4 O-O 11. h3 Bxf3 12. Qxf3 Nd4 13. Qg4 f5 14. exf5 exf5
15. Qd1 Rb8 16. Nd5 Nxd5 17. Bxd5+ Kh8 18. Rb1 b5 19. Re1 bxc4 20. Bxc4 f4
21. Qg4 fxg3 22. Qxg3 Be5 23. Qg2 Nf3+ 24. Kf1 Nxe1 25. Kxe1 Bxb2 26. Rxb2
Qe7+ 27. Kf1 Rfe8 28. Rb1 Qe5 29. Qg5 Qxg5 30. Bxa6 Qxd2 31. Bb5 Rxb5 32.
axb5 Qd3+ 33. Kg2 Qxb1 34. Kg3 Qxb3+ 35. Kg2 Re2 36. h4 Qd5+ 37. Kh3 Rxf2
38. Kg4 Qf5+ 39. Kg3 h5 40. b6 Qf4+ 41. Kh3 Qh2# { White checkmated } 0-1

[Event "ICC tourney 2532 (25 5)"]
[Site "Internet Chess Club"]
[Date "2021.04.25"]
[Round "8"]
[White "GUO, ARTHUR:K12-14772092"]
[Black "ORUGANTI, SURAJ:K12-15521792"]
[Result "1-0"]
[ICCResult "Black resigns"]
[WhiteElo "2447"]
[BlackElo "1771"]
[Opening "Ruy Lopez: Anderssen variation"]
[ECO "C77"]
[NIC "RL.12"]
[Time "17:01:00"]
[PlyCount "77"]
[TimeControl "1500+5"]

1. e4 e5 2. Nf3 Nc6 3. Bb5 a6 4. Ba4 Nf6 5. d3 d6 6. O-O g6 7. c3 Bg7 8.
Nbd2 O-O 9. Re1 Re8 10. d4 exd4 11. cxd4 b5 12. Bc2 Bg4 13. h3 Bh5 14. Nb3
a5 15. a4 bxa4 16. Rxa4 Qd7 17. Ra3 Nb4 18. Bb1 a4 19. Nbd2 Nc6 20. Rxa4
Rxa4 21. Qxa4 Bxf3 22. Nxf3 Ne5 23. Qd1 Nxf3+ 24. Qxf3 c5 25. Bg5 Qe6 26.
d5 Nxd5 27. Ba2 Qe5 28. Bxd5 Qxd5 29. exd5 Rxe1+ 30. Kh2 Bxb2 31. Bf6 Be5+
32. Bxe5 Rxe5 33. Qb3 Re2 34. Qb8+ Kg7 35. Qxd6 c4 36. Qc5 Rc2 37. d6 c3
38. d7 Rd2 39. Qxc3+ { Black resigns } 1-0

[Event "ICC tourney 2532 (25 5)"]
[Site "Internet Chess Club"]
[Date "2021.04.25"]
[Round "8"]
[White "POTHURI, ABHINAV:K12-14936890"]
[Black "SAUDEK, BEN:K12-17211458"]
[Result "1-0"]
[ICCResult "Black checkmated"]
[WhiteElo "1408"]
[BlackElo "711"]
[Opening "French: exchange variation"]
[ECO "C01"]
[NIC "FR.01"]
[Time "17:00:48"]
[PlyCount "57"]
[TimeControl "1500+5"]

1. e4 e6 2. d4 d5 3. exd5 exd5 4. c4 Nf6 5. Nc3 c5 6. dxc5 Bxc5 7. Nxd5
Nxd5 8. Qxd5 Qxd5 9. cxd5 O-O 10. Bf4 h6 11. Bc4 Re8+ 12. Ne2 Bf5 13. O-O
Nd7 14. Ng3 Nb6 15. Bb5 Bd7 16. Bxd7 Nxd7 17. d6 Re6 18. Rfe1 Rf6 19. Nh5
Rf5 20. g4 Rd5 21. Rad1 g6 22. Rxd5 gxh5 23. Rxh5 Bb4 24. Re3 Kh7 25. Rxh6+
Kg7 26. Reh3 Nf6 27. Be5 Kf8 28. Bxf6 Bxd6 29. Rh8# { Black checkmated }
1-0

[Event "ICC tourney 2532 (25 5)"]
[Site "Internet Chess Club"]
[Date "2021.04.25"]
[Round "8"]
[White "JAIN, AKERTH:K12-15757158"]
[Black "VELIDANDLA, SARVAGNA:K12-15123300"]
[Result "1-0"]
[ICCResult "Black checkmated"]
[WhiteElo "1276"]
[BlackElo "1802"]
[Opening "Caro-Kann: Steinitz variation"]
[ECO "B17"]
[NIC "CK.08"]
[Time "17:01:00"]
[PlyCount "131"]
[TimeControl "1500+5"]

1. e4 c6 2. d4 d5 3. Nc3 dxe4 4. Nxe4 Nd7 5. Nf3 Ngf6 6. Bd3 Nxe4 7. Bxe4
Nf6 8. Bd3 Bg4 9. c3 e6 10. h3 Bh5 11. Bf4 Bd6 12. Bxd6 Qxd6 13. O-O O-O
14. Bc2 Qd5 15. g4 Bg6 16. Bxg6 hxg6 17. Re1 Nd7 18. Re3 Nb6 19. b3 Rad8
20. Re5 Qd6 21. c4 Nd7 22. Re3 c5 23. dxc5 Qxc5 24. Qe2 Nf6 25. Rd1 Qa5 26.
Red3 Rxd3 27. Rxd3 Rd8 28. Qe5 Qb6 29. c5 Qa5 30. b4 Rxd3 31. bxa5 Rxf3 32.
Qb8+ Kh7 33. Qxb7 Rc3 34. Qxa7 Nd5 35. Qxf7 Rxc5 36. a6 g5 37. a7 Rc1+ 38.
Kh2 Rc8 39. Qb7 Rf8 40. a8=Q Rxf2+ 41. Kg3 Rc2 42. Qxd5 exd5 43. Qxd5 Rc3+
44. Kf2 Rxh3 45. Qxg5 Rh2+ 46. Kg3 Rb2 47. Qf5+ Kg8 48. Qd5+ Kh7 49. a4 Rc2
50. Qd3+ Kh6 51. Qxc2 Kg5 52. a5 g6 53. Qxg6+ Kxg6 54. a6 Kh6 55. a7 Kg5
56. a8=Q Kg6 57. Qd5 Kh6 58. Qf5 Kg7 59. Qe6 Kh7 60. Qf6 Kg8 61. Qe7 Kh8
62. Kf4 Kg8 63. Kg5 Kh8 64. Kf5 Kg8 65. Kf6 Kh8 66. Qg7# { Black checkmated
} 1-0

[Event "ICC tourney 2532 (25 5)"]
[Site "Internet Chess Club"]
[Date "2021.04.25"]
[Round "8"]
[White "ADEWUMI, TANITOLUWA:K12-16649696"]
[Black "WHITE, GABRIEL:K12-14675560"]
[Result "0-1"]
[ICCResult "White resigns"]
[WhiteElo "2108"]
[BlackElo "1889"]
[Opening "Sicilian: dragon, Yugoslav attack, 9...Bd7"]
[ECO "B77"]
[NIC "SI.18"]
[Time "17:01:00"]
[PlyCount "58"]
[TimeControl "1500+5"]

1. e4 c5 2. Nf3 d6 3. d4 cxd4 4. Nxd4 Nf6 5. Nc3 g6 6. Be3 Bg7 7. f3 O-O 8.
Qd2 Nc6 9. Bc4 Bd7 10. h4 h5 11. O-O-O Rb8 12. Bh6 Ne5 13. Bb3 b5 14. g4
Nc4 15. Bxc4 bxc4 16. Bxg7 Kxg7 17. Rdg1 Qb6 18. Nd5 Qxb2+ 19. Kd1 Nxd5 20.
exd5 c3 21. Qe3 Ba4 22. gxh5 Qxa2 23. Nf5+ Kg8 24. Nxe7+ Kh7 25. Qxc3 Bxc2+
26. Ke1 Bf5 27. Qc1 Rb1 28. Qxb1 Qxb1+ 29. Kf2 Qb2+ { White resigns } 0-1

[Event "ICC tourney 2532 (25 5)"]
[Site "Internet Chess Club"]
[Date "2021.04.25"]
[Round "8"]
[White "TRAN, JACEY:K12-15174202"]
[Black "DESAI, RIYA:K12-16115845"]
[Result "1-0"]
[ICCResult "Black checkmated"]
[WhiteElo "1538"]
[BlackElo "992"]
[Opening "Queen's pawn: English defense"]
[ECO "A40"]
[NIC "QO.17"]
[Time "17:01:20"]
[PlyCount "105"]
[TimeControl "1500+5"]

1. d4 b6 2. e4 Bb7 3. d5 e6 4. c4 c6 5. d6 e5 6. Nf3 Nf6 7. Nc3 c5 8. Nxe5
Nxe4 9. Nxe4 Bxe4 10. Qe2 Bxd6 11. Qxe4 O-O 12. Qxa8 Bxe5 13. Bd3 Qh4 14.
g3 Qh3 15. Qf3 g6 16. Be4 Bd4 17. Qg2 Qxg2 18. Bxg2 Re8+ 19. Kf1 f5 20. Bf3
Nc6 21. Bxc6 dxc6 22. Rb1 Re4 23. Bf4 a6 24. Re1 Rxe1+ 25. Kxe1 Bxb2 26.
Ke2 b5 27. cxb5 cxb5 28. Bc1 Bd4 29. Be3 Bxe3 30. Kxe3 Kf7 31. Rd1 c4 32.
Rd6 b4 33. Rxa6 b3 34. axb3 cxb3 35. Rb6 Kg7 36. Rxb3 Kh6 37. Rb4 Kg5 38.
h4+ Kh5 39. Rb5 Kg4 40. Rb7 h6 41. Rh7 Kh5 42. f4 Kg4 43. Rxh6 Kxg3 44.
Rxg6+ Kxh4 45. Rg5 Kh3 46. Rxf5 Kg3 47. Rg5+ Kh4 48. Rg1 Kh5 49. f5 Kh6 50.
f6 Kh7 51. f7 Kh6 52. f8=Q+ Kh5 53. Qh8# { Black checkmated } 1-0

[Event "ICC tourney 2532 (25 5)"]
[Site "Internet Chess Club"]
[Date "2021.04.25"]
[Round "8"]
[White "REMPE, MIEKE:K12-15043484"]
[Black "SEO, CHRISTOPHER:K12-15644992"]
[Result "1-0"]
[ICCResult "Black checkmated"]
[WhiteElo "1704"]
[BlackElo "1008"]
[Opening "Robatsch (modern) defense"]
[ECO "B06"]
[NIC "KF.05"]
[Time "17:00:55"]
[PlyCount "55"]
[TimeControl "1500+5"]

1. e4 g6 2. d4 Bg7 3. Nf3 d6 4. Be3 c6 5. Qd2 Nf6 6. Nc3 Bg4 7. O-O-O b5 8.
h3 Bxf3 9. gxf3 Nbd7 10. Bh6 Bxh6 11. Qxh6 b4 12. Ne2 Qa5 13. Kb1 c5 14.
dxc5 Qxc5 15. Nd4 Rc8 16. Qd2 Ne5 17. Bb5+ Nfd7 18. Bxd7+ Kxd7 19. f4 Nc4
20. Qd3 a5 21. Rhe1 a4 22. e5 a3 23. exd6 e6 24. Nf3 Nxb2 25. Ne5+ Kd8 26.
Nxf7+ Kd7 27. Qe4 Rc6 28. Qxe6# { Black checkmated } 1-0

[Event "ICC tourney 2532 (25 5)"]
[Site "Internet Chess Club"]
[Date "2021.04.25"]
[Round "8"]
[White "SAXE, ERIC:K12-15062745"]
[Black "AMIT SONEJI, ARIN:K12-16463845"]
[Result "1-0"]
[ICCResult "Black checkmated"]
[WhiteElo "412"]
[BlackElo "871"]
[Opening "French: exchange variation"]
[ECO "C01"]
[NIC "FR.01"]
[Time "17:01:00"]
[PlyCount "121"]
[TimeControl "1500+5"]

1. e4 e6 2. d4 d5 3. exd5 exd5 4. Nf3 Nf6 5. Bd3 c6 6. Bf4 Be6 7. Nbd2 Bd6
8. Bxd6 Qxd6 9. c3 Nbd7 10. O-O O-O 11. Re1 Rfe8 12. Ne5 Bg4 13. Nxg4 Rxe1+
14. Qxe1 Nxg4 15. Nf3 h6 16. Qd2 Ngf6 17. Re1 Nf8 18. Ne5 Re8 19. Bc2 N8d7
20. f4 c5 21. Nxd7 Rxe1+ 22. Qxe1 Qxd7 23. dxc5 Qc7 24. Qe3 Nd7 25. b4 b6
26. c6 Nf6 27. b5 Kf8 28. Qe5 Qxe5 29. fxe5 Ne8 30. Bf5 Ke7 31. Kf2 Nc7 32.
a4 f6 33. exf6+ Kxf6 34. Bd7 Ke5 35. Ke3 Kd6 36. Bc8 Kc5 37. Kd3 Kd6 38.
Kd4 Ne8 39. c4 dxc4 40. Kxc4 Nf6 41. Kd4 Ne8 42. Ke4 Nf6+ 43. Kf5 Nd5 44.
Kg6 Nf4+ 45. Kxg7 Nxg2 46. Kxh6 Ke7 47. Bh3 Nf4 48. c7 Nxh3 49. c8=Q Kf6
50. Qxh3 Ke5 51. Qd7 Kf4 52. Qxa7 Ke5 53. Qxb6 Kd5 54. a5 Ke5 55. a6 Kf5
56. a7 Kg4 57. a8=Q Kh4 58. Qe4+ Kh3 59. Qbe3+ Kxh2 60. Qc2+ Kh1 61. Qec1#
{ Black checkmated } 1-0

[Event "ICC tourney 2532 (25 5)"]
[Site "Internet Chess Club"]
[Date "2021.04.25"]
[Round "8"]
[White "DHAR, SUMIT:K12-15188271"]
[Black "KATE LEE, YESUN:K12-15365623"]
[Result "1-0"]
[ICCResult "Black resigns"]
[WhiteElo "2167"]
[BlackElo "1891"]
[Opening "QGD Slav defense"]
[ECO "D10"]
[NIC "SL.01"]
[Time "17:01:00"]
[PlyCount "99"]
[TimeControl "1500+5"]

1. d4 d5 2. c4 c6 3. Nc3 Nf6 4. e3 g6 5. Nf3 Bg7 6. Be2 O-O 7. O-O Bf5 8.
cxd5 Nxd5 9. Qb3 Nxc3 10. bxc3 Qb6 11. Ba3 Re8 12. Nd2 Qxb3 13. axb3 e5 14.
Rfe1 e4 15. Nc4 Bf8 16. Bxf8 Rxf8 17. Nb6 Nd7 18. Nxa8 Rxa8 19. c4 Nf6 20.
b4 Bd7 21. Rec1 Kg7 22. h3 h5 23. Ra3 b5 24. cxb5 cxb5 25. Rc5 a6 26. Bxb5
Bxb5 27. Rxb5 axb5 28. Rxa8 Nd5 29. Rb8 Nxb4 30. Rxb5 Nc6 31. d5 Ne5 32. d6
Nd7 33. Rb7 Nc5 34. Rc7 Ne6 35. Rc8 Kf6 36. Re8 Nc5 37. f3 exf3 38. gxf3
Kg7 39. e4 f6 40. d7 Nxd7 41. Re7+ Kh6 42. Rxd7 Kg5 43. Kg2 Kh4 44. Rf7 g5
45. Rxf6 g4 46. fxg4 hxg4 47. hxg4 Kxg4 48. e5 Kg5 49. Rf1 Kh6 50. e6 {
Black resigns } 1-0

[Event "ICC tourney 2532 (25 5)"]
[Site "Internet Chess Club"]
[Date "2021.04.25"]
[Round "8"]
[White "JIANG, LEO:K12-14738650"]
[Black "KUMAR TIBREWAL, AYUSH:K12-14952527"]
[Result "0-1"]
[ICCResult "White resigns"]
[WhiteElo "1871"]
[BlackElo "1152"]
[Opening "QGA: 3.e4"]
[ECO "D20"]
[NIC "QG.04"]
[Time "17:01:00"]
[PlyCount "98"]
[TimeControl "1500+5"]

1. d4 d5 2. c4 dxc4 3. e4 Nc6 4. Be3 Nf6 5. Nc3 e5 6. d5 Na5 7. Nf3 c6 8.
Nxe5 Bb4 9. dxc6 Qe7 10. Nxc4 Nxe4 11. Qc2 Nxc6 12. Bd3 Bxc3+ 13. bxc3 Nc5
14. Be2 O-O 15. O-O Be6 16. Rfd1 Rad8 17. Bf4 Rxd1+ 18. Rxd1 Bf5 19. Qd2
Rd8 20. Qe3 Rxd1+ 21. Bxd1 Qxe3 22. Bxe3 Be6 23. Nd6 b6 24. Bxc5 bxc5 25.
Bb3 Bxb3 26. axb3 Kf8 27. Nc4 Ke7 28. Kf1 Kf6 29. Ke2 Ne5 30. Ne3 h6 31. h3
g5 32. Kd2 h5 33. b4 cxb4 34. cxb4 Ke6 35. Kc3 Kd6 36. Nc4+ Nxc4 37. Kxc4
Ke5 38. Kb5 Kd4 39. Ka6 Kc4 40. b5 Kc5 41. Ka5 f5 42. f3 g4 43. fxg4 hxg4
44. hxg4 fxg4 45. g3 Kd5 46. Ka6 Kc5 47. Ka5 Kd4 48. Ka6 Kc4 49. Ka5 Kb3 {
White resigns } 0-1

[Event "ICC tourney 2532 (25 5)"]
[Site "Internet Chess Club"]
[Date "2021.04.25"]
[Round "8"]
[White "BOULIS, CHRISTOS:K12-16494901"]
[Black "GARZA, AARON:K12-15086083"]
[Result "0-1"]
[ICCResult "White resigns"]
[WhiteElo "1506"]
[BlackElo "970"]
[Opening "QGD: exchange, positional line"]
[ECO "D35"]
[NIC "QO.16"]
[Time "17:01:59"]
[PlyCount "68"]
[TimeControl "1500+5"]

1. d4 d5 2. c4 e6 3. Nc3 Nf6 4. cxd5 exd5 5. Bg5 Nbd7 6. e3 h6 7. Bh4 g5 8.
Bg3 b6 9. Nb5 Bb4+ 10. Nc3 Ne4 11. Qc2 Bxc3+ 12. bxc3 h5 13. f3 Nxg3 14.
hxg3 Bb7 15. Bd3 Qe7 16. Qd2 O-O-O 17. Nh3 Rde8 18. Kf2 Rh6 19. Rhe1 g4 20.
Nf4 h4 21. gxh4 g3+ 22. Ke2 Rxh4 23. Kd1 Bc6 24. a4 Bb7 25. a5 Kb8 26. Qb2
Rxf4 27. axb6 Nxb6 28. Qa2 Kc8 29. Qxa7 Rf6 30. Bb5 c6 31. Bd3 Nc4 32. Bxc4
dxc4 33. Ra4 c5 34. Rxc4 Bxf3+ { White resigns } 0-1